 Dungeon Crawl Stone Soup version 0.20.1-1-g8b1a95d (webtiles) character file.

58 vatarom the Sneak (level 4, 0/23 HPs)
             Began as a Vine Stalker Assassin on Sept 15, 2017.
             Slain by Natasha (5 damage)
             ... on level 2 of the Dungeon.
             The game lasted 00:02:34 (654 turns).

vatarom the Sneak (Vine Stalker Assassin)            Turns: 654, Time: 00:02:34

Health: 0/23       AC:  4    Str: 13    XL:     4   Next: 2%
Magic:  0/5        EV: 11    Int: 11    God:
Gold:   94         SH:  0    Dex: 17    Spells: 3/3 levels left

rFire    . . .     SeeInvis .   a - +2 dagger
rCold    . . .     Gourm    .   (no shield)
rNeg     . . .     Faith    .   c - +0 robe
rPois    .         Spirit   +   (no helmet)
rElec    .         Reflect  .   d - +0 cloak
rCorr    .         Harm     .   (no gloves)
MR       .....                  n - +0 pair of boots
Stlth    +++.......             (no amulet)
Regen    0.5/turn               (no ring)
MPRegen  0.1/turn               (no ring)

@: no status effects
A: fangs 2, regeneration 1, magic shield, antimagic bite, no potion heal 3, rot
immunity
a: no special abilities


You were on level 2 of the Dungeon.
You were not hungry.

You visited 1 branch of the dungeon, and saw 2 of its levels.

You collected 94 gold pieces.

Inventory:

Hand Weapons
 a - a +2 dagger (weapon)
 b - a +0 blowgun
Missiles
 e - 23 poisoned needles
 f - 2 curare-tipped needles
Armour
 c - a +0 robe (worn)
 d - a +0 cloak (worn)
 n - a +0 pair of boots (worn)
 o - a +2 chain mail of positive energy
Scrolls
 j - a scroll of identify
 k - a scroll of immolation
Potions
 m - a potion of might {unknown}
 p - a potion of cancellation {unknown}
 q - 2 potions of heal wounds {unknown}
 r - a potion of curing {unknown}
Comestibles
 g - a bread ration
 h - 2 fruits
 i - a royal jelly
 l - 2 meat rations


   Skills:
 + Level 2.6 Fighting
 + Level 2.5 Short Blades
 - Level 1.7 Throwing
 - Level 0.7 Dodging
 + Level 5.5 Stealth


You had 3 spell levels left.
You didn't know any spells.

Dungeon Overview and Level Annotations

Branches:
Dungeon (2/15)

Altars:

Annotations:
D:2 Natasha


Innate Abilities, Weirdness & Mutations

You have extremely sharp teeth.
Your natural rate of healing is unusually fast.
When hurt, damage is shared between your health and your magic reserves.
Your bite disrupts and absorbs the magic of your enemies.
Potions cannot restore your health.
You are immune to rotting.


Message History

You feel disoriented. Natasha barely misses you.
You hit Natasha.
Natasha is lightly wounded.
Natasha barely misses you.
You hit Natasha.
Natasha is heavily wounded.
Natasha casts a spell at you. The magic dart hits you!
You hit Natasha. You bite Natasha, but do no damage.
Natasha is severely wounded.
You hit Natasha. Your bite misses Natasha.
Natasha is severely wounded.
Natasha stares at you and mumbles some strange words.
The magic dart hits you!
* * * LOW HITPOINT WARNING * * *
You closely miss Natasha.
Natasha is severely wounded.
Natasha claws you.
You die...

...##.... #.#..#.#
##....#.#######
##.............#
#............#.#
####..........###.#
#..!........#(..#.##
#.##)h......###....#
(
#.@......#...##.###
#..>........###<...
##.......... #####
#...........
#..........#
#.<†....$..
#.........
#.$.......
##........


You could see Natasha.

Vanquished Creatures
  Natasha (D:2)
  3 dart slugs
  A leopard gecko (D:1)
  5 bats (D:1)
  A giant cockroach (D:1)
  A goblin (D:1)
  6 hobgoblins
  A quokka (D:2)
  3 frilled lizards (D:1)
  3 kobolds (D:1)
  2 rats (D:1)
27 creatures vanquished.

Notes
Turn   | Place    | Note
-------+----------+-------------------------------------------
     0 | D:1      | vatarom the Vine Stalker Assassin began the quest for the Orb.
     0 | D:1      | Reached XP level 1. HP: 11/11 MP: 2/2
    22 | D:1      | Reached skill level 5 in Stealth
    45 | D:1      | Reached XP level 2. HP: 15/15 MP: 3/3
   320 | D:1      | Reached XP level 3. HP: 11/18 MP: 4/4
   637 | D:2      | Noticed Natasha
   644 | D:2      | Killed Natasha
   644 | D:2      | Gained mutation: Your natural rate of healing is unusually fast. [Vine Stalker growth]
   644 | D:2      | Reached XP level 4. HP: 23/23 MP: 5/5
   644 | D:2      | Noticed Natasha
   654 | D:2      | Slain by Natasha

Skill      XL: |  1 |
---------------+----+-----
Stealth        | 5 |  5.5
Short Blades   | 2 |  2.5
Fighting       | 2 |  2.6
Throwing       | |  1.7
Dodging        | |  0.7

Action                   |  1- 3 |  4- 6 || total
-------------------------+-------+-------++-------
Melee: Dagger            |    68 |     6 ||    74
       Bite              |    16 |     1 ||    17
  Use: Scroll            |     1 |       ||     1
 Stab: Sleeping          |     5 |       ||     5
Armor: Robe              |    21 |     1 ||    22
Dodge: Dodged            |    30 |     2 ||    32
